 Dungeon Crawl Stone Soup version 0.30-a0-414-gcb316572d5 (webtiles) character file.

Game seed: 10279549188219153543

75 McMuffin the Digger (level 4, -3/24 HPs)
             Began as a Gargoyle Earth Elementalist on Dec 7, 2022.
             Killed by divine providence
             ... invoked by an orc priest
              (10 damage)
             ... on level 3 of the Dungeon.
             The game lasted 00:10:49 (925 turns).

McMuffin the Digger (Gargoyle Earth Elementalist)    Turns: 925, Time: 00:10:49

Health: -3/24      AC:  5    Str: 12    XL:     4   Next: 31%
Magic:  1/8        EV: 16    Int: 15    God:
Gold:   114        SH:  0    Dex: 12    Spells: 4/8 levels left

rFire   . . .      SeeInvis .    j - +0 club
rCold   . . .      Faith    .    (no shield)
rNeg    + . .      Spirit   .    a - +0 robe
rPois   ∞          Reflect  .    (no helmet)
rElec   +          Harm     .    (no cloak)
rCorr   .          Rampage  .    (no gloves)
Will    +....                    (no boots)
Stlth   ++........               (no amulet)
HPRegen 0.24/turn                f - ring of willpower
MPRegen 0.11/turn                k - +4 ring of evasion

@: no status effects
A: sickness immunity, AC +3, negative energy resistance 1, electricity
resistance, torment resistance 1, petrification resistance
a: no special abilities


You were on level 3 of the Dungeon.
You visited 1 branch of the dungeon, and saw 3 of its levels.

You collected 114 gold pieces.

Inventory:

Hand Weapons
 h - a +0 short sword
 j - a +0 club (weapon)
Armour
 a - a +0 robe (worn)
Jewellery
 f - a ring of willpower (left hand)
 k - a +4 ring of evasion (right hand)
Scrolls
 c - a scroll of poison
 e - a scroll of fog {unknown}
 g - a scroll of identify
 i - a scroll of summoning {unknown}
Potions
 b - a potion of magic
 d - 2 potions of curing


   Skills:
 + Level 0.8 Fighting
 + Level 0.4 Short Blades
 + Level 0.1 Maces & Flails
 + Level 1.8 Dodging
 + Level 2.5 Stealth
 + Level 0.1 Unarmed Combat
 + Level 2.9 Spellcasting
 + Level 0.7 Transmutations
 + Level 4.5 Earth Magic


You had 4 spell levels left.
You knew the following spells:

 Your Spells              Type           Power      Damage    Failure   Level
a - Sandblast             Erth           30%        2d9       3%          1
b - Stone Arrow           Conj/Erth      16%        3d8       24%         3

Your spell library contained the following spells:

 Spells                   Type           Power      Damage    Failure   Level
 Passwall                 Tmut/Erth      8%         N/A       11%         2
 Petrify                  Tmut/Erth      10%        N/A       56%         4


Dungeon Overview and Level Annotations

Branches:
Dungeon (3/15)

Altars:


Innate Abilities, Weirdness & Mutations

You are immune to sickness and miasma.
Your stone body is resilient. (AC +3)
You are immune to poison.
You resist negative energy. (rN+)
You are resistant to electric shocks. (rElec)
You are resistant to unholy torment.
You are immune to petrification.


Message History

You miss the adder.
The adder is moderately wounded.
The adder barely misses you. Something hits you.
The frilled lizard bites you but does no damage.
The adder closely misses you.
Aiming: Sandblast (safe; 3% risk of failure)
Press: ? - help, Q - select action Shift-Dir - straight line, f - adder
Aim: an adder (moderately wounded, 70% to hit)
The blast of sand hits the adder!
You kill the adder!
Something hits you but does no damage. The frilled lizard barely misses you.
Something hits you but does no damage. The frilled lizard misses you.
Aiming: Sandblast (safe; 3% risk of failure)
Press: ? - help, Q - select action Shift-Dir - straight line, f - orc
Aim: an orc, wielding a +0 club and wearing a +0 ring mail (84% to hit)
The blast of sand hits the orc!
You kill the orc!
Something hits you. The frilled lizard misses you.
Aiming: Sandblast (safe; 3% risk of failure)
Press: ? - help, Q - select action Shift-Dir - straight line, f - orc priest
Aim: an orc priest, wielding a +0 dagger and wearing a +0 scale mail (84% to hit)
The blast of sand hits the orc priest but does no damage.
The orc priest hits you but does no damage.
Something barely misses you.
The frilled lizard bites you but does no damage.
The orc priest hits you with a +0 dagger.
The frilled lizard misses you. Something hits you.
Aiming: Sandblast (safe; 3% risk of failure)
Press: ? - help, Q - select action Shift-Dir - straight line, f/p - orc priest
Aim: an orc priest, wielding a +0 dagger and wearing a +0 scale mail (84% to hit)
The blast of sand hits the orc priest but does no damage.
The orc priest begins to cast a cantrip, but forgets the words!
Something hits you.
* * * LOW HITPOINT WARNING * * *
The frilled lizard bites you but does no damage.
Aiming: Sandblast (safe; 3% risk of failure)
Press: ? - help, Q - select action Shift-Dir - straight line, p - orc priest The orc priest invokes the aid of Beogh against you.
Beogh smites you!
You die...

### #.. ### #.# ...
... #.###.# #oo@l.#
###{### #.# #.# #
#.###########.#
#.............#
#.#######........##
#.# #............
#.# #..#########.


You could see 2 orc priests and a frilled lizard.

Vanquished Creatures
  3 adders
  A worm (D:2)
  An orc (D:3)
  4 ball pythons
  2 bats (D:1)
  4 endoplasms
  5 goblins
  4 hobgoblins
  7 jackals
  3 kobolds
  A quokka (D:2)
  4 rats
39 creatures vanquished.

Notes
Turn   | Place    | Note
-------+----------+-------------------------------------------
     0 | D:1      | McMuffin the Gargoyle Earth Elementalist began the quest
                  | for the Orb.
     0 | D:1      | Reached XP level 1. HP: 10/10 MP: 3/3
   109 | D:1      | Reached XP level 2. HP: 11/15 MP: 0/5
   379 | D:2      | Reached skill level 4 in Earth Magic
   409 | D:2      | Reached XP level 3. HP: 17/19 MP: 0/6
   778 | D:3      | Reached XP level 4. HP: 24/24 MP: 6/8
   786 | D:3      | Learned a level 3 spell: Stone Arrow
   925 | D:3      | Killed from afar by an orc priest

Illustrated notes

Levels and vault maps discovered:
D:1:      heliophobic_arrival_ceremonial_halls, layout_loops_ring,
          serial_bayou_ford_a, moated_statue, nrook_mini_backslash
D:2:      layout_basic
D:3:      layout_loops_ring, grunt_temple_overflow_open, gammafunk_ghost_split,
          wad_floor_pattern_untrapped

Skill      XL: |  1  2 |
---------------+-------+-----
Earth Magic    | 4 |  4.5
Fighting       | |  0.8
Short Blades   | |  0.4
Maces & Flails | |  0.1
Dodging        | |  1.8
Stealth        | |  2.5
Unarmed Combat | |  0.1
Spellcasting   | |  2.9
Transmutations | |  0.7

Action                   |  1- 3 |  4- 6 || total
-------------------------+-------+-------++-------
Melee: Unarmed           |     9 |       ||     9
       Short sword       |    14 |       ||    14
       Club              |    35 |    19 ||    54
       Punch             |       |     1 ||     1
 Cast: Sandblast         |    37 |     7 ||    44
       Stone Arrow       |       |     1 ||     1
  Use: Scroll            |     4 |       ||     4
Armor: Robe              |    27 |    18 ||    45
Dodge: Dodged            |    48 |    34 ||    82

Table legend: (Time is in decaauts)
 A = Elapsed time spent in this place.
 B = Non-inter-level travel time spent in this place.
 C = Inter-level travel time spent in this place.
 D = Time resting spent in this place.
 E = Time spent auto-exploring this place.
 F = Levels seen in this place.
 G = Mean time per level.
                   A        B        C        D        E       F      G
               +--------+--------+--------+--------+--------+-----+--------+
         Total |    962 |    962 |      0 |      0 |      0 |   3 |  320.7 |
       Dungeon |    962 |    962 |      0 |      0 |      0 |   3 |  320.7 |
               +--------+--------+--------+--------+--------+-----+--------+

Top non-repeatable levels by time:
     D:1: 349 daAuts
     D:2: 323 daAuts
     D:3: 288 daAuts
